AoeStats
← çilek

Arabia

505472418Analyzed
1v1 RM · 24d ago on Sep 9, 2026· 46m 40s· 2 players
Game mode
Random Map
Map size
Tiny (2 player)
Population
200
Speed
Normal
Resources
Standard
Victory
Conquest
Starting age
Dark Age
Ending age
Imperial Age
RankedLock teamsTeams togetherTeam positionsShared explorationLock speedFull tech treeHidden civsTurbo modeCheats
Victory
Defeat
🇪🇸 Mongols · Spain
546
+14
🇹🇷 Ethiopians · Türkiye
497
-14
çilek
15:57 Feudal Age
28:37 Castle Age
31:36 Loom
32:27 Wheelbarrow
31:59 Husbandry
41:19 Imperial Age
39:20 Forging
43:04 Chemistry
43:25 Elite Skirmisher
44:34 Royal Heirs
45:37 Heavy Camel Rider
Eclypz_O05
7:24 Loom
10:50 Feudal Age
11:37 Double-Bit Axe
20:46 Castle Age
21:58 Forging
21:42 Fletching
21:54 Padded Archer Armor
26:39 Bodkin Arrow
27:00 Leather Archer Armor
29:14 Bloodlines
29:05 Husbandry
28:28 Light Cavalry
33:33 Imperial Age
34:17 Bracer
40:52 Ballistics
43:36 Hussar
Connection lost

Rejoining the realm…

Still unreachable

The connection could not be restored.

Session expired

The server has moved on; the page needs a fresh start.